 Dungeon Crawl Stone Soup version 0.28.0-45-g0d030f2227 (webtiles) character file.

Game seed: 337231815875708586

147 101zpm the Magician (level 5, -3/37 HPs)
             Began as a Djinni Ice Elementalist on Apr 12, 2022.
             Slain by a wyvern zombie (4 damage)
             ... on level 4 of the Dungeon.
             The game lasted 00:13:50 (4862 turns).

101zpm the Magician (Djinni Ice Elementalist)       Turns: 4862, Time: 00:13:51

Health: -3/37      AC: 10    Str:  6 (7)  XL:     5   Next: 55%
Gold:   74         EV: 12    Int: 15 (18) God:
                   SH:  0    Dex: 12 (14)

rFire   + + .      SeeInvis .   j - +2 mace (protect)
rCold   x . .      Faith    .   (no shield)
rNeg    . . .      Spirit   .   a - +0 robe
rPois   ∞          Reflect  .   p - +0 helmet
rElec   .          Harm     .   (no cloak)
rCorr   .          Rampage  .   (no gloves)
Will    .....                   (boots unavailable)
Stlth   ++........              (no amulet)
HPRegen 0.12/turn               (no ring)
MPRegen 0.00/turn               (no ring)

@: under a protective aura, flying
A: sickness immunity, fire resistance 2, cold vulnerability 1, float, innate
caster, HP casting, extra vitality 1
a: no special abilities


You were on level 4 of the Dungeon.
You visited 1 branch of the dungeon, and saw 4 of its levels.

You collected 146 gold pieces.
You spent 72 gold pieces at shops.

Inventory:

Hand Weapons
 c - a +0 short sword
 j - a +2 mace of protection (weapon)
Missiles
 i - 145 stones
 k - 2 boomerangs
 r - 2 poisoned darts
Armour
 a - a +0 robe (worn)
 p - a +0 helmet (worn)
Magical Staves
 b - a staff of death
Scrolls
 e - a scroll of enchant weapon
 g - 2 scrolls of enchant armour
 h - a scroll of noise
 n - a scroll of fear {unknown}
 o - a scroll of vulnerability {unknown}
Potions
 d - a potion of brilliance {unknown}
 f - a potion of haste {unknown}
 l - a potion of attraction {unknown}
 m - a potion of degeneration
 q - a potion of curing {unknown}


   Skills:
 + Level 1.0 Fighting
 + Level 1.6 Maces & Flails
 + Level 2.8 Dodging
 + Level 1.9 Stealth
 + Level 4.2 Spellcasting


You couldn't memorise any spells.
You knew the following spells:

 Your Spells              Type           Power      Damage    Failure   Level
a - Freeze                Ice            64%        1d8       3%          1
b - Frozen Ramparts       Ice            32%        1d5       9%          3
c - Ozocubu's Armour      Ice            16%        N/A       9%          3
d - Hailstorm             Conj/Ice       16%        3d6       30%         4
e - Sandblast             Erth           32%        2d9       3%          1
f - Blink                 Tloc           32%        N/A       4%          2
Your spell library was empty.

Dungeon Overview and Level Annotations

Branches:
Dungeon (4/15)
 Temple: D:4-7

Altars:
Vehumet

Shops:
D:1 ?

Annotations:
D:3 Grinder


Innate Abilities, Weirdness & Mutations

You are immune to sickness and miasma.
You are immune to poison.
Your flesh is very heat resistant. (rF++)
You are vulnerable to cold. (rC-)
You float through the air rather than walking.
You learn spells naturally, not from books.
Your magical power is your life essence.
You have superior vitality. (+4 MHP)


Message History

The ball python bites you.
* * * LOW HITPOINT WARNING * * *
The ball python grabs you. The ball python constricts you.
* * * LOW HITPOINT WARNING * * *
You escape the ball python's grasp.
You feel stable enough to blink again.
The ball python bites you but does no damage.
The ball python closely misses you.
You hit the ball python.
Your weapon exudes an aura of protection.
The ball python is severely wounded.
The ball python bites you but does no damage.
The ball python closely misses you.
You barely miss the ball python.
The ball python is severely wounded.
The ball python bites you but does no damage.
The ball python closely misses you. The ball python misses you. x2
You barely miss the ball python.
The ball python is severely wounded.
The ball python misses you. The ball python closely misses you.
The ball python barely misses you. The ball python grabs you.
The ball python constricts you.
* * * LOW HITPOINT WARNING * * *
Casting: Blink (safe; 4% risk of failure)
Confirm with . or Enter, or press ? or * to list all spells.
Okay, then.
You barely miss the ball python.
The ball python is severely wounded.
The ball python closely misses you. The ball python constricts you.
You sock the ball python!
Your weapon exudes an aura of protection.
You kill the ball python!
The wyvern zombie barely misses you.
You hit the wyvern zombie.
The wyvern zombie is lightly damaged.
The wyvern zombie barely misses you.
You hit the wyvern zombie.
The wyvern zombie is moderately damaged.
The wyvern zombie bites you.
You die...

#.#.###.# #######
###.#.#.#.# #......
#####...))..... #......#
#...#.#.....#..
#......#.#...#.###...#..
#......#.#...#.# #.#.#..
#...... .'...#.# #.#.#..
#......###...#.###.#.###
+......@Z.........>#.#
#......#####...###.#.#
####### #.....#...#
#.#.#.#.###
#.#.#.#.#####
...........Z.......
#.#####.#.#...#####
#.#.#...# #.# #...#


You could see a wyvern zombie.

Vanquished Creatures
  Robin (D:2)
  4 gnolls (D:2)
  An adder (D:3)
  A worm (D:2)
  A dart slug (D:1)
  10 orcs
  7 ball pythons
  8 endoplasms
  A giant cockroach (D:2)
  11 goblins
  9 hobgoblins
  8 kobolds
  A quokka (D:1)
  3 bats
  2 frilled lizards
  2 rats
70 creatures vanquished.

Notes
Turn   | Place    | Note
-------+----------+-------------------------------------------
     0 | D:1      | 101zpm the Djinni Ice Elementalist began the quest for the
                  | Orb.
     0 | D:1      | Reached XP level 1. HP: 15/15 MP: 0/0
   359 | D:1      | Reached XP level 2. HP: 19/21 MP: 0/0
   569 | D:1      | Found Urijat's Magic Scroll Boutique.
  1138 | D:1      | Found a faded altar of an unknown god.
  1266 | D:1      | Bought a scroll of identify for 24 gold pieces
  1266 | D:1      | Bought a scroll of identify for 24 gold pieces
  1266 | D:1      | Bought a scroll of identify for 24 gold pieces
  1336 | D:1      | Reached XP level 3. HP: 24/25 MP: 0/0
  1336 | D:1      | Learned a level 1 spell: Sandblast
  2348 | D:3      | Reached skill level 4 in Spellcasting
  2365 | D:3      | Reached XP level 4. HP: 4/31 MP: 0/0
  2661 | D:3      | Noticed Grinder
  3229 | D:2      | Noticed Robin
  3248 | D:2      | Killed Robin
  3451 | D:2      | Reached skill level 1 in Maces & Flails
  3451 | D:2      | Reached XP level 5. HP: 29/36 MP: 0/0
  3451 | D:2      | Learned a level 2 spell: Blink
  3463 | D:2      | Reached skill level 1 in Fighting
  4135 | D:3      | Paralysed by Grinder for 4 turns
  4850 | D:4      | HP: 1/37 [constriction (1)]
  4858 | D:4      | HP: 1/37 [constriction (1)]
  4862 | D:4      | Slain by a wyvern zombie

Illustrated notes

Levels and vault maps discovered:
D:1:      roderic_octagonal_star, layout_rooms, serial_shops, shop,
          shapermc_ecumenical_altar_hornbeckon, minmay_pentomino_t2
D:2:      layout_basic, minmay_puff, uniq_robin
D:3:      layout_rooms, mainiacjoe_overflow_boulevard, uniq_grinder
D:4:      layout_basic, lemuel_doored_altar, gammafunk_ghost_necromancy,
          uniq_ijyb

Skill      XL: |  1  2  3  4  5 |
---------------+----------------+-----
Spellcasting   | 4 |  4.2
Maces & Flails | 1 |  1.6
Fighting       | 1 |  1.0
Dodging        | |  2.8
Stealth        | |  1.9

Action                   |  1- 3 |  4- 6 || total
-------------------------+-------+-------++-------
Melee: Mace              |    12 |    61 ||    73
       Punch             |     1 |       ||     1
 Cast: Freeze            |    33 |    23 ||    56
       Frozen Ramparts   |     4 |    13 ||    17
       Sandblast         |     2 |       ||     2
       Blink             |       |     2 ||     2
       Ozocubu's Armour  |       |     1 ||     1
  Use: Scroll            |     3 |       ||     3
       Potion            |       |     1 ||     1
 Stab: Sleeping          |       |     3 ||     3
Armor: Robe              |     8 |    24 ||    32
Dodge: Dodged            |    47 |    55 ||   102
